 Dungeon Crawl Stone Soup version 0.30-a0-743-gbfdf073431 (webtiles) character file.

Game seed: 9319161394027469264

210 a11behringer the Shield-Bearer (level 6, -3/48 HPs)
             Began as a Formicid Fighter on Feb 6, 2023.
             Succumbed to a water moccasin's poison
             ... on level 4 of the Dungeon.
             The game lasted 00:08:22 (2661 turns).

a11behringer the Shield-Bearer (Formicid Fighter)   Turns: 2661, Time: 00:08:23

Health: -3/48      AC: 10    Str: 22    XL:     6   Next: 12%
Magic:  6/6        EV:  9    Int:  8    God:
Gold:   135        SH:  5    Dex: 13    Spells: 5/5 levels left

rFire   . . .      SeeInvis +    a - +0 trident
rCold   . . .      Faith    .    c - +0 buckler
rNeg    . . .      Spirit   .    b - +0 scale mail
rPois   .          Reflect  .    (helmet unavailable)
rElec   .          Harm     .    (no cloak)
rCorr   .          Rampage  .    p - +1 pair of gloves
Will    .....                    r - +0 pair of boots Stlth
                                 (no amulet)
HPRegen 0.28/turn                (no ring)
MPRegen 0.10/turn                (no ring)

@: lethally poisoned (-3 -> -13)
A: permanent stasis, dig shafts and tunnels, antennae 3, four strong arms
a: Dig, Shaft Self


You were on level 4 of the Dungeon.
You visited 1 branch of the dungeon, and saw 4 of its levels.

You collected 135 gold pieces.

Inventory:

Hand Weapons
 a - a +0 trident (weapon)
 o - a +0 sling
Missiles
 e - 8 poisoned darts
 q - 6 boomerangs
 t - 5 curare-tipped darts
Armour
 b - a +0 scale mail (worn)
 c - a +0 buckler (worn)
 p - a +1 pair of gloves (worn)
 r - a +0 pair of boots (worn)
 v - a +1 leather armour of cold resistance
Magical Staves
 u - a staff of poison
Jewellery
 x - a ring of wizardry
Scrolls
 f - 2 scrolls of teleportation {unknown}
 j - 4 scrolls of identify {unknown}
 k - 2 scrolls of immolation {unknown}
 m - a scroll of enchant weapon {unknown}
 s - a scroll of vulnerability {unknown}
 w - a scroll of blinking {unknown}
Potions
 d - a potion of might
 g - 6 potions of curing {unknown}
 h - a potion of mutation {unknown}
 i - 2 potions of ambrosia {unknown}
 l - a potion of heal wounds {unknown}
 n - a potion of brilliance {unknown}


   Skills:
 + Level 4.1 Fighting
 * Level 3.7 Polearms
 + Level 4.1 Armour
 * Level 5.7 Shields


You had 5 spell levels left.
You didn't know any spells.
Your spell library contained the following spells:

 Spells                   Type           Power      Damage    Failure   Level
 Gell's Gravitas          Tloc           0%         N/A       99%         3
 Teleport Other           Tloc           0%         N/A       99%         3
 Dispersal                Tloc           0%         N/A       100%        6


Dungeon Overview and Level Annotations

Branches:
Dungeon (4/15)
 Temple: D:4-7

Altars:
Uskayaw


Innate Abilities, Weirdness & Mutations

You cannot be hasted, slowed, berserked, paralysed or teleported.
You can dig through walls and to a lower floor.
You have a pair of large antennae on your head. (SInv)
Your four strong arms can wield two-handed weapons with a shield.


Message History

You hit the water moccasin but do no damage.
The water moccasin is lightly wounded.
You feel sick. The water moccasin bites you.
You barely miss the water moccasin.
The water moccasin is lightly wounded.
You feel sick. The water moccasin closely misses you.
You block the water moccasin's attack.
You hit the water moccasin.
The water moccasin is moderately wounded.
You feel sick.
The water moccasin bites you but does no damage.
You hit the water moccasin but do no damage.
The water moccasin is moderately wounded.
You feel sick. The water moccasin bites you.
You block the water moccasin's attack.
You miss the water moccasin.
The water moccasin is moderately wounded.
You feel sick.
You are no longer poisoned.
The water moccasin bites you. x2
* * * LOW HITPOINT WARNING * * *
You miss the water moccasin.
The water moccasin is moderately wounded.
The water moccasin bites you.
* * * LOW HITPOINT WARNING * * *
You closely miss the water moccasin.
The water moccasin is moderately wounded.
The water moccasin bites you.
* * * LOW HITPOINT WARNING * * *
The water moccasin barely misses you.
You hit the water moccasin.
The water moccasin is moderately wounded.
The water moccasin bites you but does no damage.
The water moccasin bites you!
* * * LOW HITPOINT WARNING * * *
You are lethally poisoned!
The water moccasin poisons you!
You hit the water moccasin but do no damage.
The water moccasin is moderately wounded.
You die...

#....##.# .#.# .# # #....##.#
.#.# . # #....##.##...##. ##
#....#.........#### #.
#....#............# #.
#....#......##....#.# ##.
#.........###.......# #..
####.###..#.#S# #)# #.#
#..#.#@##############.# #.#
#....#.#.......#....#.. #####.#
#..#.#.#.#####.#.##.#.. #.....#
#..#.#.#.# #.#.##.#..
###.#######..#.#.#.# #.#.......
.............#.#.#.# #.####.##.
.#.#########.#.#.#.# #......##.
.#...........#.#.#.#.#####.......
.###########.#.....#.........####


You could see a water moccasin.

Vanquished Creatures
  2 orc priests
  Natasha (D:4)
  An orc wizard (D:4)
  An adder (D:4)
  2 worms
  5 dart slugs
  11 orcs
  5 bats
  6 endoplasms
  4 giant cockroaches
  3 goblins
  5 hobgoblins
  3 quokkas
  5 ball pythons
  4 frilled lizards
  6 kobolds
  7 rats
71 creatures vanquished.

Notes
Turn   | Place    | Note
-------+----------+-------------------------------------------
     0 | D:1      | a11behringer the Formicid Fighter began the quest for the
                  | Orb.
     0 | D:1      | Reached XP level 1. HP: 18/18 MP: 1/1
    93 | D:1      | Reached XP level 2. HP: 24/24 MP: 2/2
   224 | D:1      | Found a faded altar of an unknown god.
   308 | D:1      | Reached XP level 3. HP: 29/29 MP: 3/3
  1116 | D:2      | Reached XP level 4. HP: 35/37 MP: 4/4
  1806 | D:3      | Reached skill level 5 in Shields
  1885 | D:3      | Reached XP level 5. HP: 42/42 MP: 5/5
  2326 | D:4      | Found a hide-covered altar of Uskayaw.
  2359 | D:4      | Noticed Natasha
  2367 | D:4      | Killed Natasha
  2479 | D:4      | Reached XP level 6. HP: 37/48 MP: 6/6
  2647 | D:4      | Noticed a water moccasin
  2660 | D:4      | HP: 1/48 [water moccasin (8)]
  2661 | D:4      | Succumbed to a water moccasin's poison

Illustrated notes

Levels and vault maps discovered:
D:1:      kennysheep_arrival_seaside, layout_rooms,
          shapermc_ecumenical_altar_pompeii, minmay_vboxes
D:2:      layout_basic, kennysheep_generic_room_12
D:3:      layout_basic
D:4:      cheibrodos_pilgrimage, layout_basic,
          mainiacjoe_overflow_catch_the_wave, uniq_natasha

Skill      XL: |  1  2  3  4  5 |
---------------+----------------+-----
Polearms       | 3 |  3.7
Shields        | 5 |  5.7
Armour         | 4 |  4.1
Fighting       | 4 |  4.1

Action                     |  1- 3 |  4- 6 || total
---------------------------+-------+-------++-------
  Melee: Trident           |   139 |   126 ||   265
 Armour: Scale mail        |    70 |    33 ||   103
  Dodge: Dodged            |    56 |    27 ||    83
  Block: Buckler           |    27 |    23 ||    50

Table legend: (Time is in decaauts)
 A = Elapsed time spent in this place.
 B = Non-inter-level travel time spent in this place.
 C = Inter-level travel time spent in this place.
 D = Time resting spent in this place.
 E = Time spent auto-exploring this place.
 F = Levels seen in this place.
 G = Mean time per level.
                   A        B        C        D        E       F      G
               +--------+--------+--------+--------+--------+-----+--------+
         Total |   2715 |   2304 |    411 |      0 |   1722 |   4 |  678.8 |
       Dungeon |   2715 |   2304 |    411 |      0 |   1722 |   4 |  678.8 |
               +--------+--------+--------+--------+--------+-----+--------+

Top non-repeatable levels by time:
     D:2: 1040 daAuts
     D:1: 741 daAuts
     D:3: 573 daAuts
     D:4: 359 daAuts
